 Dungeon Crawl Stone Soup version 0.28-a0-1518-gbe868bca14 (webtiles) character file.

Game seed: 6675642400761011759

28 knot the Chopper (level 2, 24/24 HPs)
             Began as a Demonspawn Berserker on Jan 17, 2022.
             Was a Follower of Trog.
             Quit the game on level 1 of the Dungeon.
             The game lasted 00:00:44 (1029 turns).

knot the Chopper (Demonspawn Berserker)             Turns: 1029, Time: 00:00:45

Health: 24/24      AC:  2    Str: 17    XL:     2   Next: 96%
Magic:  11/11      EV: 12    Int:  8    God:    Trog [*.....]
Gold:   10         SH:  0    Dex: 12    Spells: 1/1 levels left

rFire   . . .      SeeInvis .   a - +0 hand axe
rCold   . . .      Faith    .   (no shield)
rNeg    . . .      Spirit   .   b - +0 animal skin
rPois   .          Reflect  .   (no helmet)
rElec   .          Harm     .   (no cloak)
rCorr   .          Rampage  .   (no gloves)
Will    .....                   (no boots)
Stlth   +.........              (no amulet)
HPRegen 0.08/turn               f - ring of magical power
MPRegen 0.12/turn               (no ring)

@: no status effects
A: ignite blood 1
a: Renounce Religion, Berserk


You were on level 1 of the Dungeon.
You worshipped Trog.
Trog was aware of your devotion.
You visited 1 branch of the dungeon, and saw 1 of its levels.

You collected 10 gold pieces.

Inventory:

Hand Weapons
 a - a +0 hand axe (weapon)
Missiles
 d - 3 poisoned darts (quivered)
Armour
 b - a +0 animal skin (worn)
Jewellery
 f - a ring of magical power (left hand)
 g - a ring of see invisible
Scrolls
 c - a scroll of teleportation {unknown}
Potions
 e - a potion of cancellation {unknown}
 h - a potion of attraction {unknown}


   Skills:
 - Level 3.0 Fighting
 + Level 3.8 Axes
 - Level 1.7 Armour
 - Level 1.7 Dodging


You had one spell level left.
You didn't know any spells.
Your spell library was empty.

Dungeon Overview and Level Annotations

Branches:
Dungeon (1/15)

Altars:


Innate Abilities, Weirdness & Mutations

Your demonic aura sometimes causes spilled blood to erupt in flames.


Message History

A bat is nearby!
The bat hits you but does no damage.
You barely miss the bat. The bat closely misses you. The bat barely misses you.
The bat hits you.
You hit the bat.
You kill the bat!
Trog accepts your kill.
No target in view!
No target in view!
You see here a bat corpse.
A kobold and a hobgoblin come into view.
The kobold shouts!
The hobgoblin shouts!
The kobold closely misses you.
There are monsters nearby!
You barely miss the kobold. The kobold misses you.
You closely miss the kobold. The kobold hits you but does no damage.
You closely miss the kobold. The kobold barely misses you.
You slash the kobold!
You kill the kobold!
Trog accepts your kill.
You hit the hobgoblin.
You kill the hobgoblin!
Trog accepts your kill.
No target in view!
No target in view!
No target in view!
You see here a +0 whip.
You open the door.
There is an open door here.
h - a coppery potion No target in view!
A giant cockroach comes into view.
A giant cockroach is nearby!
You hit the giant cockroach.
The giant cockroach is moderately wounded.
The giant cockroach barely misses you.
You hit the giant cockroach but do no damage.
The giant cockroach is moderately wounded.
The giant cockroach closely misses you. x2
Are you sure you want to abandon this character and quit the game? (Confirm with "yes".)

### ..# #.# #.# #.#
#B# #@# #.# #.# #.#
#.#
################.###
...................#
####################


You could see a giant cockroach.

Vanquished Creatures
  3 endoplasms (D:1)
  2 giant cockroaches (D:1)
  2 goblins (D:1)
  3 hobgoblins (D:1)
  2 quokkas (D:1)
  3 ball pythons (D:1)
  4 bats (D:1)
  A frilled lizard (D:1)
  2 kobolds (D:1)
  4 rats (D:1)
26 creatures vanquished.

Notes
Turn   | Place    | Note
-------+----------+-------------------------------------------
     0 | D:1      | knot the Demonspawn Berserker began the quest for the Orb.
     0 | D:1      | Reached XP level 1. HP: 18/18 MP: 1/1
   168 | D:1      | Found a faded altar of an unknown god.
   168 | D:1      | Noticed a shining eye
   344 | D:1      | Gained mutation: Your demonic aura sometimes causes spilled
                  | blood to erupt in flames. [demonic ancestry]
   344 | D:1      | Reached XP level 2. HP: 24/24 MP: 2/2
  1029 | D:1      | Quit the game

Illustrated notes

Levels and vault maps discovered:
D:1:      erik_arrival_triangle_large, layout_basic,
          hellmonk_ecumenical_altar_watching_god, eino_curves_02,
          minmay_tromino_v2

Skill      XL: |  1 |
---------------+----+-----
Axes           | 3 |  3.8
Fighting       | |  3.0
Armour         | |  1.7
Dodging        | |  1.7

Action                   || total
-------------------------++-------
Melee: Hand axe          ||    76
Invok: Berserk           ||     1
 Stab: Sleeping          ||     2
Armor: Animal skin       ||    19
Dodge: Dodged            ||    49

Table legend: (Time is in decaauts)
 A = Elapsed time spent in this place.
 B = Non-inter-level travel time spent in this place.
 C = Inter-level travel time spent in this place.
 D = Time resting spent in this place.
 E = Time spent auto-exploring this place.
 F = Levels seen in this place.
 G = Mean time per level.
                   A        B        C        D        E       F      G
               +--------+--------+--------+--------+--------+-----+--------+
         Total |   1047 |   1047 |      0 |    161 |    728 |   1 | 1047.0 |
       Dungeon |   1047 |   1047 |      0 |    161 |    728 |   1 | 1047.0 |
               +--------+--------+--------+--------+--------+-----+--------+

Top non-repeatable levels by time:
     D:1: 1047 daAuts
